Map: 升格之链

Players

邀月

  • Race: Protoss Protoss
  • League: Master
  • Spawn Location: 11:00

二年级二班永亮

  • Race: Terran Terran
  • Spawn Location: 11:00

VOD

Have the link to the VOD?

Description

Time

  • Played on: Feb. 25, 2018, 2:24 a.m.
  • Length: 20:52
Show
View Real Time Build Order
Export as new Build Order

邀月 Protoss 

Build Orders:  

Get SALT Encoding   

  12  0:03  Probe (Chrono Boost)  
  13  0:19  Probe (Chrono Boost)  
  14  0:31  Probe (Chrono Boost)  
  14  0:38  Pylon  
  15  0:43  Probe (Chrono Boost)  
  16  0:50  Assimilator  
  16  0:55  Probe (Chrono Boost)  
  16  0:59  Assimilator  
  17  1:07  Probe (Chrono Boost)  
  18  1:18  Probe (Chrono Boost)  
  19  1:22  Robotics Bay  
  20  1:30  Probe (Chrono Boost)  
  20  1:42  Probe (Chrono Boost)  
  21  1:51  Robotics Facility  
  21  1:53  Forge  
  21  1:54  Probe (Chrono Boost)  
  22  2:06  Probe (Chrono Boost)  
  23  2:15  Warbringer's A.I. Personality  
  24  2:22  Probe (Chrono Boost)  
  24  2:35  Colossus  
  24  2:38  Purifier Armaments  
  25  2:41  Probe (Chrono Boost)  
  25  2:52  Gateway  
  25  2:58  Probe (Chrono Boost)  
  32  3:00  Purification Blast  
  33  3:11  Pylon  
  33  3:15  Probe (Chrono Boost)  
  33  3:38  Taldarin's A.I. Personality  
  33  3:48  Immortal  
  37  4:38  Kaldalis' A.I. Personality  
  37  4:39  Probe (Chrono Boost)  
  38  4:52  Gravimetric Overload  
  38  5:09  Nexus  
  39  5:13  Probe (Chrono Boost)  
  39  5:21  Stargate  
  39  5:26  Fleet Beacon  
  40  5:33  Probe (Chrono Boost)  
  40  5:34  Cybernetics Core  
  40  5:36  Gateway  
  40  5:40  Twilight Council  
  40  5:41  Pylon  
  41  5:50  Probe (Chrono Boost)  
  41  6:38  Talis' A.I. Personality  
  42  6:40  Observation Protocol  
  42  6:44  Warp Gate  
  42  6:45  Adept, Probe (Chrono Boost)  
  42  6:47  Empowered Blades  
  42  6:49  Carrier  
  50  6:52  Gateway  
  50  6:59  Probe (Chrono Boost)  
  52  7:02  Observer, Probe (Chrono Boost)  
  52  7:15  Probe (Chrono Boost)  
  52  7:19  Probe (Chrono Boost)  
  56  7:32  Probe (Chrono Boost)  
  56  7:36  Probe (Chrono Boost)  
  57  7:42  Protoss Ground Weapons Level 1  
  57  7:58  Protoss Air Weapons Level 1  
  57  8:02  Debilitation System  
  57  8:06  Assimilator, Probe x2 (Chrono Boost)  
  57  8:09  Clolarion's A.I. Personality  
  59  8:11  Assimilator  
  59  8:19  Legionnaire x2  
  67  8:23  Probe x2 (Chrono Boost)  
  67  8:32  Adept  
  71  8:40  Probe x2 (Chrono Boost)  
  71  8:46  Gateway  
  71  8:50  Gateway  
  71  8:54  Gateway  
  71  8:57  Interdictors, Probe (Chrono Boost)  
  72  9:01  Psionic Projection  
  72  9:07  Legionnaire  
  73  9:20  Pylon  
  73  9:21  Probe (Chrono Boost)  
  73  9:22  Pylon  
  74  9:44  Probe (Chrono Boost)  
  74  9:45  Immortal  
  79  9:51  Probe (Chrono Boost)  
  79  9:54  Pylon  
  79  10:00  Protoss Air Weapons Level 2  
  79  10:03  Protoss Ground Weapons Level 2  
  69  10:25  Adept x2  
  69  10:26  Adept  
  75  10:44  Probe (Chrono Boost)  
  75  10:49  Immortal  
  79  10:51  Legionnaire x4  
  79  10:54  Gateway  
  79  10:57  Gateway  
  79  10:58  Gateway  
  91  11:08  Gateway  
  92  11:10  Probe (Chrono Boost)  
  92  11:17  Legionnaire  
  92  11:19  Adept  
  97  11:26  Pylon  
  97  12:02  Conservator  
  97  12:04  Pylon  
  97  12:23  Probe (Chrono Boost)  
  97  12:26  Conservator x4  
  101  13:01  Adept x6  
  113  13:10  Pylon  
  113  13:12  Pylon x2  
  113  13:13  Pylon  
  113  13:16  Observer  
  114  13:43  Adept x5  
  114  13:44  Adept x3  
  114  13:46  Observer  
  114  13:47  Conservator x2  
  114  13:48  Conservator  
  114  14:06  Adept x3  
  97  14:17  Adept x2  
  97  14:18  Adept x7  
  97  14:19  Adept  
  113  14:48  Immortal  
  117  15:14  Legionnaire x4  
  117  15:15  Adept x5  
  117  15:16  Adept  
  141  15:50  Legionnaire  
  141  15:55  Adept  
  141  15:59  Pylon  
  142  16:01  Pylon  
  132  16:14  Probe (Chrono Boost)  
  129  16:24  Legionnaire x5  
  129  16:27  Adept  
  146  16:55  Protoss Ground Weapons Level 3  
  123  17:34  Adept x5  
  123  17:35  Adept x4  
  123  17:38  Observer  
  130  18:16  Conservator  
  128  18:31  Observer  
  128  18:33  Adept x10  
  95  20:05  Pylon  
  95  20:18  Adept x5  
  95  20:19  Legionnaire x4  
  117  20:20  Legionnaire  
Show
View Real Time Build Order
Export as new Build Order

二年级二班永亮 Terran 

Build Orders:  

Get SALT Encoding   

Tags
 
Commander
FenixRaynor
League
Master
Matchup
Co-op
Replay Pack
Co-op Speedrun
Add a new tag
Caveats
  • Supply blocks, unpowered buildings, or Contaminate may cause inaccurate times.
  • Supply counts are checked every 10 seconds.